 Dungeon Crawl Stone Soup version 0.17-a0-155-g14e20c2 (webtiles) character file.

56 karlm the Conjurer (level 3, -3/28 HPs)
             Began as a Naga Wizard on Mar 25, 2015.
             Slain by an adder (4 damage)
             ... on level 2 of the Dungeon.
             The game lasted 00:10:01 (2413 turns).

karlm the Conjurer (Naga Wizard)                    Turns: 2413, Time: 00:10:01

Health: -3/28      AC:  2    Str:  9    XL:     3   Next: 97%
Magic:  1/7        EV:  9    Int: 17    God:
Gold:   108        SH:  0    Dex:  9    Spells: 4 memorised, 0 levels left

rFire  . . .     SeeInvis +     i - +0 short sword
rCold  . . .     Clarity  .     a - +0 robe
rNeg   . . .     SustAb   .     (no shield)
rPois  +         Gourm    .     b - +0 hat
rElec  .         Spirit   .     (no cloak)
rCorr  .         Warding  .     (no gloves)
rMut   .         Stasis   .     (no barding)
MR     .....                    (no amulet)
Stlth  ++........               (no ring)
                                o - -2 ring of intelligence (curse)

@: short of breath, very slow, not resistant to hostile enchantments, unstealthy
A: spit poison, see invisible, deformed body, poison resistance, slowness 2, AC
+1
a: Spit Poison


You were on level 2 of the Dungeon.
You were hungry.

You visited 1 branch of the dungeon, and saw 3 of its levels.

You collected 108 gold pieces.

Inventory:

Hand weapons
 i - a +0 short sword (weapon)
 p - a +0 mace
Missiles
 f - 168 stones (quivered)
 s - 18 sling bullets
Armour
 a - a +0 robe (worn)
 b - a +0 hat (worn)
Jewellery
 o - a cursed -2 ring of intelligence (left hand)
Magical devices
 q - a wand of confusion (11)
Scrolls
 k - a scroll of enchant armour
 t - a scroll of blinking {unknown}
Potions
 e - a potion of heal wounds {unknown}
 h - 3 potions of curing
 j - a potion of degeneration {unknown}
 n - a potion of flight {unknown}
 r - a potion of lignification {unknown}
Books
 c - a book of Minor Magic

   Spells                             Type                      Level
   a - Magic Dart                     Conjuration                  1
   b - Blink                          Translocation                2
   c - Call Imp                       Summoning                    2
   d - Repel Missiles                 Charms/Air                   2
   e - Slow                           Hexes                        2
   f - Conjure Flame                  Conjuration/Fire             3
   g - Mephitic Cloud                 Conjuration/Poison/Air       3
Comestibles
 d - 3 bread rations
 g - a beef jerky
 l - 3 chunks of flesh
 m - 3 fruits


   Skills:
 - Level 1.5 Dodging
 - Level 3.0 Stealth
 - Level 3.0 Spellcasting
 + Level 3.4 Conjurations
 - Level 1.0 Summonings
 - Level 1.0 Translocations
 + Level 1.0 Fire Magic


You couldn't memorise any spells.
You knew the following spells:

 Your Spells              Type           Power        Failure   Level  Hunger
a - Magic Dart            Conj           ##..         4%          1    None
b - Blink                 Tloc           N/A          21%         2    ##.....
c - Call Imp              Summ           #.......     21%         2    ##.....
d - Conjure Flame         Conj/Fire      ##......     24%         3    ###....


Dungeon Overview and Level Annotations

Branches:
Dungeon (3/15)

Altars:

Annotations:
D:2 Terence


Innate Abilities, Weirdness & Mutations

You cannot wear boots.
You can spit poison.
Your serpentine skin is tough (AC +1).
You have supernaturally acute eyesight.
Armour fits poorly on your strangely shaped body.
Your system is resistant to poisons.
You cover ground very slowly.


Message History

You see here a giant newt corpse.
The hound pauses to sniff the ground.
The adder bites you.
* * * LOW HITPOINT WARNING * * *
The adder barely misses you.
There is a stone staircase leading up here.
The adder bites you.
* * * LOW HITPOINT WARNING * * *
You climb upwards.
Level annotation: Terence Your magical contamination has completely faded away.
There is a stone staircase leading down here.
Use which ability? (? or * to list)
Press: ? - help, Shift-Dir - straight line, f - adder
Aim: an adder (almost dead)
The splash of poison misses the adder.
You feel slightly more hungry. The adder bites you.
* * * LOW HITPOINT WARNING * * *
The adder bites you.
You die...

########### #.........#
#.#######@# #.# #S# #.#
#####.############## #.#
#...............)..#
##.###.###..###.#.#.###.#
#......##...........###.###
#..######...###.#.........#
#..##.......####..#.#.#.#.#
####..##....#................#


You could see an adder.

Vanquished Creatures
  A giant gecko (D:2)
  3 giant cockroaches
  5 hobgoblins
  11 jackals
  6 kobolds
  A quokka (D:2)
  A ball python (D:3)
  4 bats
  8 giant newts
  6 goblins
  8 rats
54 creatures vanquished.

Vanquished Creatures (others)
  A crimson imp (D:2)
  A shadow imp (D:2)
  A rat (D:3)
3 creatures vanquished.

Grand Total: 57 creatures vanquished

Notes
Turn   | Place    | Note
--------------------------------------------------------------
     0 | D:1      | karlm, the Naga Wizard, began the quest for the Orb.
     0 | D:1      | Reached XP level 1. HP: 15/15 MP: 4/4
   500 | D:1      | Reached XP level 2. HP: 20/22 MP: 4/6
   513 | D:1      | Learned a level 2 spell: Blink
   516 | D:1      | Learned a level 2 spell: Call Imp
   701 | D:1      | You fall through a shaft!
   844 | D:2      | Noticed Terence
   903 | D:2      | Reached XP level 3. HP: 28/28 MP: 3/7
   908 | D:2      | Learned a level 3 spell: Conjure Flame
  2263 | D:3      | Reached skill level 1 in Fire Magic
  2413 | D:2      | HP: 1/28 [adder (1)]
  2413 | D:2      | Slain by an adder

Action                   || total
-------------------------++-------
Melee: Club              ||     3
       Unarmed           ||     1
       Short sword       ||     3
 Cast: Magic Dart        ||    91
       Call Imp          ||     3
 Abil: Spit Poison       ||    34
Evoke: Wand              ||     5
  Use: Scroll            ||     1
  Eat: Chunk             ||     6
